 Dungeon Crawl Stone Soup version 0.21.1-1-g345015f (webtiles) character file.

51 spiff the Chiller (level 3, -5/24 HPs)
             Began as a Demonspawn Ice Elementalist on July 5, 2018.
             Killed by nerve-wracking pain
             ... invoked by a shadow imp
              (10 damage)
             ... on level 2 of the Dungeon.
             The game lasted 00:05:08 (1793 turns).

spiff the Chiller (Demonspawn Ice Elementalist)     Turns: 1793, Time: 00:05:08

Health: -5/24      AC:  2    Str:  9    XL:     3   Next: 58%
Magic:  0/7        EV: 12    Int: 16    God:
Gold:   94         SH:  0    Dex: 13    Spells: 5/8 levels left

rFire    . . .     SeeInvis .   m - +1 spear (freeze)
rCold    . . .     Gourm    .   (no shield)
rNeg     . . .     Faith    .   a - +0 robe
rPois    .         Spirit   .   (helmet restricted)
rElec    .         Reflect  .   (no cloak)
rCorr    .         Harm     .   (no gloves)
MR       .....                  (no boots)
Stlth    ++........             (no amulet)
HPRegen  0.08/turn              (no ring)
MPRegen  0.10/turn              (no ring)

@: no status effects
A: horns 1, powered by pain 1
a: no special abilities


You were on level 2 of the Dungeon.
You were hungry.

You visited 1 branch of the dungeon, and saw 2 of its levels.

You collected 94 gold pieces.

Inventory:

Hand Weapons
 h - a +0 whip
 m - a +1 spear of freezing (weapon)
Armour
 a - a +0 robe (worn)
Scrolls
 e - 5 scrolls of identify {unknown}
 i - a scroll of teleportation {unknown}
 k - a scroll of noise {unknown}
 n - a scroll of remove curse {unknown}
 o - a scroll of blinking {unknown}
 p - a scroll of fog {unknown}
Books
 b - a book of Frost

   Spells                             Type                      Level
   a - Freeze                         Ice                          1
   b - Throw Frost                    Conjuration/Ice              2
   c - Ozocubu's Armour               Charms/Ice                   3
   d - Throw Icicle                   Conjuration/Ice              4
   e - Summon Ice Beast               Ice/Summoning                4
Comestibles
 c - 2 rations
 g - a chunk of flesh


   Skills:
 - Level 1.7 Dodging
 - Level 1.7 Stealth
 + Level 3.0 Spellcasting
 - Level 1.0 Conjurations
 + Level 3.5 Ice Magic


You had 5 spell levels left.
You knew the following spells:

 Your Spells              Type           Power        Failure   Level  Hunger
a - Freeze                Ice            ##..         4%          1    #......
b - Throw Frost           Conj/Ice       #.....       11%         2    ##.....


Dungeon Overview and Level Annotations

Branches:
Dungeon (2/15)

Altars:
Makhleb
Zin

Annotations:
D:2 Terence


Innate Abilities, Weirdness & Mutations

You have a pair of small horns on your head.
You sometimes gain a little power by taking damage.


Message History

You feel yourself slow down.
You float gracefully downwards.
Okay, then.
You hit the rat. You freeze the rat.
You kill the rat!
The shadow imp hits you but does no damage.
You are feeling hungry.
You hit the shadow imp but do no damage.
The shadow imp is severely wounded.
The shadow imp hits you.
* * * LOW HITPOINT WARNING * * *
You hit the shadow imp but do no damage.
Your headbutt misses the shadow imp.
The shadow imp is severely wounded.
The shadow imp closely misses you. The shadow imp barely misses you.
You barely miss the shadow imp.
The shadow imp is severely wounded.
The shadow imp gestures at you. Pain shoots through your body!
You die...

##...... # .....
.%.8.......#.# #
...###8...8.......#
# ...#..$......(..#
# ..#............ #
#.#.........### +
............. #
.#......†5##
#.......@.<#
#..†.......#
##8...8....#
#...8........
#..........#.#
#.........##.#
.#........# #
.#.......#


You could see a shadow imp.

Vanquished Creatures
  An adder (D:2)
  An ooze (D:1)
  A worm (D:2)
  A dart slug (D:1)
  A ball python (D:2)
  2 giant cockroaches (D:1)
  6 goblins
  4 hobgoblins (D:1)
  A quokka (D:2)
  3 bats
  3 frilled lizards
  3 kobolds
  5 rats
32 creatures vanquished.

Notes
Turn   | Place    | Note
-------+----------+-------------------------------------------
     0 | D:1      | spiff the Demonspawn Ice Elementalist began the quest for the Orb.
     0 | D:1      | Reached XP level 1. HP: 13/13 MP: 3/3
   351 | D:1      | Gained mutation: You sometimes gain a little power by taking damage. [demonic ancestry]
   351 | D:1      | Reached XP level 2. HP: 19/19 MP: 1/5
   398 | D:1      | Learned a level 2 spell: Throw Frost
  1195 | D:2      | Gained mutation: You have a pair of small horns on your head. [demonic ancestry]
  1195 | D:2      | Reached XP level 3. HP: 24/24 MP: 7/7
  1523 | D:2      | Noticed a green death
  1524 | D:2      | Found a burning altar of Makhleb.
  1527 | D:2      | Found a glowing silver altar of Zin.
  1527 | D:2      | Noticed an angel
  1562 | D:2      | Noticed Terence
  1793 | D:2      | Killed from afar by a shadow imp

Skill      XL: |  1  2  3 |
---------------+----------+-----
Ice Magic      | 3 |  3.5
Spellcasting   | 3 |  3.0
Dodging        | |  1.7
Stealth        | |  1.7
Conjurations   | |  1.0

Action                   || total
-------------------------++-------
Melee: Whip              ||    37
       Spear             ||    32
       Headbutt          ||     1
 Cast: Freeze            ||    40
       Throw Frost       ||     7
  Use: Potion            ||     4
 Stab: Sleeping          ||     3
  Eat: Chunk             ||     3
Armor: Robe              ||    23
Dodge: Dodged            ||    69
